 Dungeon Sprint DCSS version 0.30.0-29-ga12c61a403 (webtiles) character file.

Game seed: 4176412096211777654

4692 Groucho the Blinker (level 10, -1/78 HPs)
             Began as a Felid Warper on June 6, 2023.
             Was a Follower of Uskayaw.
             Shot with an arrow by Nessos (4 damage)
             ... in the Dungeon (Sprint IX: "|||||||||||||||||||||||||||||").
             The game lasted 00:12:53 (6534 turns).

Groucho the Blinker (Felid Warper)                  Turns: 6534, Time: 00:12:53

Health: -1/78      AC:  4    Str:  9 (11) XL:     10   Next: 21%
Magic:  25/25      EV: 28    Int: 11 (14) God:    Uskayaw [*.....]
Gold:   1409       SH:  0    Dex: 18 (20) Spells: 18/29 levels left
                                        Lives:  0   Deaths: 3

rFire   . .          .
                       - Unarmed
rCold   . . .        (shield unavailable)
rNeg    . . .        (body armour unavailable)
rPois   .            (helmet unavailable)
rElec   .            (cloak unavailable)
rCorr   .            (gloves unavailable)
SInv    +            (boots unavailable)
Will    +....        (no amulet) Stlth
                     h - +3 ring of dexterity
HPRegen 0.33/turn    i - +2 ring of protection
MPRegen 0.19/turn

%: no teleportation
@: berserking, lethally poisoned (-1 -> -12), very quick
A: very small, claws 1, fangs 3, see invisible, speed 1, shaggy fur 2, stealthy
paws, no weapons or thrown items, no armour, multi-lived
a: Renounce Religion, Stomp


You were in the Dungeon.
You worshipped Uskayaw.
Uskayaw was aware of your devotion.
You visited 1 branch You collected 1409 gold pieces.

Inventory:

Jewellery
 h - a +3 ring of dexterity (left paw)
 i - a +2 ring of protection (right paw)
Wands
 g - a wand of acid (8)
Scrolls
 a - a scroll of blinking
 f - 2 scrolls of amnesia
 j - a scroll of fear
 k - 5 scrolls of identify
 l - 2 scrolls of fog
Potions
 c - a potion of berserk rage
 e - 4 potions of magic


   Skills:
 + Level 11.2 Fighting
 + Level 14.3 Dodging
 + Level 15.2 Stealth
 * Level 12.4 Unarmed Combat
 + Level 10.2 Spellcasting
 * Level 17.4 Translocations
 + Level 4.9 Air Magic
 + Level 9.8 Invocations


You had 18 spell levels left.
You knew the following spells:

 Your Spells              Type           Power      Damage    Failure   Level
a - Blink                 Tloc           88%        N/A       0%          2
b - Lesser Beckoning      Tloc           88%        N/A       0%          2
c - Manifold Assault      Tloc           44%        N/A       1%          4
d - Vhi's Electric Charg  Tloc/Air       60%        N/A       1%          3

Your spell library contained the following spells:

 Spells                   Type           Power      Damage    Failure   Level
 Teleport Other           Tloc           44%        N/A       1%          3


Dungeon Overview and Level Annotations

Branches:
Dungeon (1/1)

Altars:
Cheibriados
Dithmenos
Elyvilon
Fedhas
Gozag
Hepliaklqana
Kikubaaqudgha
Makhleb
Nemelex Xobeh
Okawaru
Qazlal
Ru
Sif Muna
Trog
Uskayaw
Vehumet
Wu Jian
Xom
Yredelemnul
Zin
The Shining One
Jiyva
Lugonu

Shops:
D (

Annotations:
D Nessos


Innate Abilities, Weirdness & Mutations

You have sharp claws.
You have razor-sharp teeth.
You have supernaturally acute eyesight. (SInv)
You cover ground quickly. (Speed+)
You are covered in thick fur. (AC +2)
Your paws help you pounce on unaware monsters.
You are incapable of wielding weapons or throwing items.
You cannot wear armour.
You gain extra lives every three experience levels.


Message History

Nessos shoots an arrow.
The arrow barely misses you.
Nessos shoots an arrow.
The arrow hits you! The arrow burns you.
Nessos unwields a +3 longbow of flaming.
It stops flaming.
Nessos hits you but does no damage. Nessos completely misses you.
You claw Nessos!
Nessos is moderately wounded.
Nessos gestures wildly while chanting.
Nessos blinks!
Nessos wields a +3 longbow of flaming.
It bursts into flame!
Nessos shoots an arrow.
The arrow hits you! The arrow burns you!
* * * LOW HITPOINT WARNING * * *
Nessos shoots an arrow.
The arrow completely misses you.
Nessos shoots an arrow.
The arrow hits you!
* * * LOW HITPOINT WARNING * * *
The arrow burns you.
You are lethally poisoned!
* * * LOW HITPOINT WARNING * * *
Unknown command.
You feel better.
Nessos shoots an arrow.
The arrow completely misses you.
Unknown command.
Unknown command.
It was a potion of degeneration.
There was something very wrong with that liquid.
You feel weakened.
You feel dopey.
You feel clumsy.
Nessos shoots an arrow.
The arrow misses you.
Nessos gestures wildly while chanting.
Nessos blinks!
Unknown command.
Unknown command.
Unknown command.
A red film seems to cover your vision as you go berserk!
You feel yourself moving faster!
You feel mighty!
Nessos shoots an arrow.
The arrow misses you.
You feel a strong urge to attack something.
Nessos shoots an arrow.
The arrow hits you!
* * * LOW HITPOINT WARNING * * *
The arrow burns you.
You are lethally poisoned!
You die...

...)...)...).....)).........)...)
▓▓▓▓▓▓▓▓▓▓▓▓▓▓▓▓▓▓▓▓▓▓▓▓▓▓▓▓▓▓▓▓▓
3...))))o'...o...)).)))'.....o..)
▓▓▓▓▓▓▓▓▓▓▓▓▓▓▓▓▓▓▓▓▓▓▓▓▓▓▓▓▓▓▓▓▓
▓▓▓▓▓▓▓▓▓▓▓▓▓▓▓▓▓▓▓▓▓▓▓▓▓▓▓
..........@....c...........
♣♣♣♣♣♣▓▓▓▓▓▓▓▓▓▓▓▓▓▓▓▓▓▓▓▓▓


You could see Nessos.

Vanquished Creatures
  Harold (D)
  A centaur warrior (D)
  A catoblepas (D)
  A tengu warrior (D)
  5 orc knights (D)
  An orc sorcerer (D)
  2 black mambas (D)
  An elephant (D)
  4 cane toads (D)
  2 komodo dragons (D)
  An unseen horror (D)
  2 tyrant leeches (D)
  3 trolls (D)
  5 blink frogs (D)
  A slime creature (D)
  A shadow (D)
  A yak (D)
  4 vampire mosquitoes (D)
  4 water moccasins (D)
  7 orc warriors (D)
  A black bear (D)
  An ogre (D)
  2 orc priests (D)
  An iguana (D)
  5 orc wizards (D)
  A sleepcap (D)
  A gnoll (D)
  11 orcs (D)
  A hobgoblin (D)
  A ball python (D)
  A bat (D)
  2 rats (D)
76 creatures vanquished.

Vanquished Creatures (collateral kills)
  A basilisk (D)
1 creature vanquished.

Grand Total: 77 creatures vanquished

Notes
Turn   | Place    | Note
-------+----------+-------------------------------------------
     0 | D        | Groucho the Felid Warper began the quest for the Orb.
     0 | D        | Reached XP level 1. HP: 9/9 MP: 4/4
    15 | D        | Reached skill level 1 in Stealth
   324 | D        | Noticed an ogre
   324 | D        | Noticed a sleepcap
   324 | D        | Noticed an iguana
   324 | D        | Noticed a black bear
   330 | D        | Killed a black bear
   331 | D        | Reached skill level 5 in Dodging
   331 | D        | Reached skill level 6 in Translocations
   331 | D        | Reached XP level 2. HP: 6/15 MP: 4/7
   331 | D        | Reached XP level 3. HP: 8/18 MP: 5/9
   331 | D        | Reached XP level 4. HP: 10/22 MP: 5/10
   333 | D        | Reached skill level 5 in Stealth
   340 | D        | Reached skill level 7 in Translocations
   340 | D        | Reached XP level 5. HP: 6/25 MP: 5/12
   346 | D        | Killed an ogre
   347 | D        | Reached skill level 5 in Fighting
   347 | D        | Reached skill level 5 in Unarmed Combat
   347 | D        | Reached skill level 8 in Translocations
   411 | D        | Found a snail-covered altar of Cheibriados.
   411 | D        | Found a shadowy altar of Dithmenos.
   411 | D        | Found a white marble altar of Elyvilon.
   411 | D        | Found a blossoming altar of Fedhas.
   411 | D        | Found an opulent altar of Gozag.
   412 | D        | Found a hazy altar of Hepliaklqana.
   413 | D        | Found a viscous altar of Jiyva.
   414 | D        | Found an ancient bone altar of Kikubaaqudgha.
   415 | D        | Found a corrupted altar of Lugonu.
   416 | D        | Found a burning altar of Makhleb.
   417 | D        | Found a sparkling altar of Nemelex Xobeh.
   418 | D        | Found an iron altar of Okawaru.
   419 | D        | Found a stormy altar of Qazlal.
   420 | D        | Found a sacrificial altar of Ru.
   421 | D        | Found a shimmering blue altar of Sif Muna.
   422 | D        | Found a bloodstained altar of Trog.
   423 | D        | Found a hide-covered altar of Uskayaw.
   424 | D        | Found a radiant altar of Vehumet.
   425 | D        | Found an ornate altar of the Wu Jian Council.
   426 | D        | Found a shimmering altar of Xom.
   427 | D        | Found a basalt altar of Yredelemnul.
   428 | D        | Found a glowing silver altar of Zin.
   429 | D        | Found a glowing golden altar of the Shining One.
   431 | D        | Became a worshipper of Uskayaw the Reveller
   457 | D        | Noticed a troll
   457 | D        | Noticed a shadow
   457 | D        | Noticed a vampire mosquito
   457 | D        | Noticed a yak
   457 | D        | Noticed an unseen horror
   463 | D        | Reached * piety under Uskayaw
   466 | D        | Slain by an unseen horror
   467 | D        | Reached XP level 4. HP: -2/23 MP: 11/11
   635 | D        | Noticed a centaur warrior
   635 | D        | Noticed a troll
   635 | D        | Noticed an unseen horror
   635 | D        | Noticed a troll
   635 | D        | Noticed a slime creature
   635 | D        | Noticed a tengu warrior
   637 | D        | Reached ** piety under Uskayaw
   645 | D        | Killed a centaur warrior
   646 | D        | Reached skill level 10 in Translocations
   646 | D        | Reached XP level 5. HP: 15/28 MP: 11/14
   646 | D        | Gained mutation: You are covered in thick fur. (AC +2)
                  | [Felid growth]
   646 | D        | Reached XP level 6. HP: 18/33 MP: 12/16
   646 | D        | Reached XP level 7. HP: 20/36 MP: 12/17
   646 | D        | Reached *** piety under Uskayaw
   647 | D        | Killed a troll
   647 | D        | Reached **** piety under Uskayaw
   650 | D        | Killed an unseen horror
   650 | D        | Killed a troll
   651 | D        | Reached skill level 10 in Dodging
   651 | D        | Reached skill level 10 in Stealth
   651 | D        | Reached skill level 11 in Translocations
   651 | D        | Reached skill level 5 in Invocations
   651 | D        | Reached XP level 8. HP: 18/40 MP: 8/19
   651 | D        | Killed a tengu warrior
   652 | D        | Reached skill level 12 in Translocations
  1088 | D        | Killed a slime creature
  1089 | D        | Reached XP level 9. HP: 25/45 MP: 21/21
  1549 | D        | Learned a level 2 spell: Blink
  1552 | D        | Learned a level 2 spell: Lesser Beckoning
  1554 | D        | Killed a troll
  1790 | D        | Learned a level 4 spell: Manifold Assault
  1794 | D        | Learned a level 3 spell: Vhi's Electric Charge
  1932 | D        | Noticed a cane toad
  1932 | D        | Noticed a komodo dragon
  1932 | D        | Noticed a black mamba
  1933 | D        | Noticed a cane toad
  1951 | D        | Killed a black mamba
  1952 | D        | Reached skill level 13 in Translocations
  1961 | D        | Killed a cane toad
  1964 | D        | Killed a komodo dragon
  1964 | D        | Reached ***** piety under Uskayaw
  1965 | D        | Reached XP level 10. HP: 32/49 MP: 1/23
  1971 | D        | Killed a cane toad
  2472 | D        | Noticed an elephant
  2472 | D        | Noticed a catoblepas
  2472 | D        | Noticed a black mamba
  2474 | D        | Killed a black mamba
  2475 | D        | Reached skill level 14 in Translocations
  2477 | D        | Noticed a cane toad
  2478 | D        | Reached skill level 10 in Unarmed Combat
  2478 | D        | Killed a catoblepas
  2479 | D        | Reached skill level 10 in Fighting
  2479 | D        | Reached skill level 1 in Air Magic
  2483 | D        | Noticed a cane toad
  2495 | D        | Killed an elephant
  2496 | D        | Mangled by a komodo dragon
  2497 | D        | Reached XP level 9. HP: -6/46 MP: 23/23
  2519 | D        | Noticed Harold
  2526 | D        | Killed Harold
  2527 | D        | Reached skill level 15 in Translocations
  2556 | D        | Noticed a tyrant leech
  2563 | D        | Noticed a tyrant leech
  2575 | D        | Reached XP level 10. HP: 8/51 MP: 16/24
  3025 | D        | Killed a cane toad
  3044 | D        | Killed a cane toad
  3045 | D        | Reached skill level 16 in Translocations
  3563 | D        | Noticed an orc knight
  3582 | D        | Killed an orc knight
  4108 | D        | Noticed an orc knight
  4108 | D        | Noticed an orc knight
  4112 | D        | Killed an orc knight
  4117 | D        | Noticed an orc knight
  4735 | D        | Reached skill level 10 in Spellcasting
  4800 | D        | Killed an orc knight
  4801 | D        | Reached XP level 11. HP: 33/55 MP: 14/26
  4830 | D        | Killed an orc knight
  4831 | D        | Reached skill level 15 in Stealth
  4831 | D        | Reached skill level 17 in Translocations
  5239 | D        | Found Qesoskus's Weapon Boutique.
  5239 | D        | Noticed an orc sorcerer
  5239 | D        | Noticed an orc sorcerer
  5239 | D        | Noticed an orc knight
  5239 | D        | Noticed an orc sorcerer
  5239 | D        | Noticed an orc knight
  5394 | D        | Killed an orc knight
  5422 | D        | Paralysed by an orc sorcerer for 5 turns
  5426 | D        | HP: 2/49 [orc sorcerer/bolt of negative energy (27)]
  6106 | D        | Killed an orc sorcerer
  6110 | D        | Noticed a soul eater
  6511 | D        | Slain by an orc knight
  6512 | D        | Reached XP level 10. HP: -1/52 MP: 25/25
  6520 | D        | Noticed Nessos
  6530 | D        | HP: 2/52 [Nessos/arrow (2)]
  6534 | D        | Shot with an arrow by Nessos

Illustrated notes

Levels and vault maps discovered:
D:        linesprint [early_d, line_temple, items_1, d_10, items_2, lair_1,
          lair_end, items_3, orc_1, orc_end, items_4, d_15, swamp_1, shoals_1,
          snake_1, spider_1, d_20, vaults_1, items_5, swamp_end, shoals_end,
          snake_end, spider_end, vaults_end, d_27, items_6, zot_1, zot_end,
          crypt_end, forest_end, elf_end, slime_end, tomb_end, abyss_end,
          pan_hell_end]

Skill      XL: |  1  2  3  4  5  6  7  8  9 10 11 |
---------------+----------------------------------+-----
Stealth        | 4 9 6 10 11 13 14 15 | 15.2
Fighting       | 4 7 5 8 9 11 | 11.2
Dodging        | 5 9 7 10 11 13 14 | 14.3
Unarmed Combat | 4 7 5 8 9 12 | 12.4
Spellcasting   | 3 6 7 8 10 | 10.2
Translocations | 6 10 8 11 12 15 16 17 | 17.4
Invocations    | 4 5 6 7 9 |  9.8
Air Magic      | 4 |  4.9

Action                     |  1- 3 |  4- 6 |  7- 9 | 10-12 || total
---------------------------+-------+-------+-------+-------++-------
  Melee: Unarmed           |    20 |    35 |    75 |   225 ||   355
         Bite              |     1 |     2 |    12 |    30 ||    45
         Punch             |       |       |     2 |    18 ||    20
   Cast: Manifold Assault  |       |       |     2 |     2 ||     4
         Vhi's Electric Ch |       |       |       |     2 ||     2
         Lesser Beckoning  |       |       |       |     1 ||     1
 Invoke: Line Pass         |       |       |     6 |     6 ||    12
         Stomp             |       |       |     3 |       ||     3
  Evoke: Wand              |       |       |       |     2 ||     2
    Use: Potion            |     1 |     5 |     3 |     8 ||    17
         Scroll            |       |       |       |     2 ||     2
   Stab: Sleeping          |       |     1 |     1 |     4 ||     6
         Paralysed         |       |       |     6 |     7 ||    13
         Confused          |       |       |     4 |     5 ||     9
         Distracted        |       |       |     1 |       ||     1
         Petrified         |       |       |       |     2 ||     2
         Petrifying        |       |       |       |     1 ||     1
 Armour: Skin              |     3 |     5 |     2 |     8 ||    18
  Dodge: Dodged            |    19 |    36 |    72 |   128 ||   255
